[Event "Titled Tuesday Blitz January 03 Late 2023"]
[White "Borges Feria, Yasel"]
[Black "Novikov, Evgenij"]
[WhiteFideId "3504921"]
[BlackFideId "4125380"]
[WhiteElo "2439"]
[BlackElo "2276"]
[Result "1-0"]
[Round "01"]
[TimeControl "180+2"]
[Date "2023.01.03"]
[WhiteClock "0:00:20"]
[BlackClock "0:00:06"]

1. e4 c6 2. Nc3 d5 3. Nf3 Bg4 4. h3 Bxf3 5. Qxf3 e6 6. d3 Nf6 7. g3 Bb4 8. Bd2 d4 9. Nb1 Bxd2+ 10. Nxd2 Nbd7 11. Bg2 Qa5 12. Qe2 e5 13. O-O Qc7 14. f4 O-O-O 15. a4 h5 16. f5 h4 17. g4 Nh7 18. b4 Ng5 19. Nc4 b6 20. b5 Rh6 21. Rfb1 Nc5 22. a5 cxb5 23. axb6 axb6 24. Rxb5 Rc6 25. Rab1 Na4 26. Qd2 f6 27. R1b4 Qa7 28. Qc1 Kc7 29. Kh2 Ra8 30. Nxe5 Rc5 31. Nc4 Nc3 32. Rxb6 Kc8 33. Qf4 Qc7 34. Nd6+ Kd8 35. e5 Rxe5 36. Qxd4 Ne2 37. Qc4 Qxc4 38. Nxc4 Raa5 39. Nxe5 Rxe5 40. Rb8+ Ke7 41. R4b7+ Kd6 42. Rd8+ Kc5 43. d4+ Nxd4 44. Rc7+ Kb6 45. Rxg7 Ngf3+ 46. Bxf3 Nxf3+ 47. Kg2 Ne1+ 48. Kf1 Nxc2 49. Rd6+ Kc5 50. Re6 Ne3+ 51. Kf2 Nd1+ 52. Kf3 Rd5 53. Rxf6 Nc3 54. Rc7+ Kd4 55. Rxc3 Kxc3 56. Kf4 Rd3 57. Kg5 Rxh3 58. Rh6 Rd3 59. Rxh4 Kd4 60. Rh6 Ke5 61. Rg6 Rd7 62. Re6+ Kd5 63. Kf6 Rd8 64. g5 Rf8+ 65. Kg6 Rg8+ 66. Kh6 Rh8+ 67. Kg7 Rh5 68. Rg6 Ke5 69. f6 Ke6 70. f7+ Ke7 71. f8=Q+ 1-0


[Site "https://www.chess.com"]

[Event "Titled Tuesday Blitz January 03 Late 2023"]
[White "Kaplan, Avi Harrison"]
[Black "Beerdsen, Thomas"]
[WhiteFideId "30934559"]
[BlackFideId "1030108"]
[WhiteElo "2146"]
[BlackElo "2507"]
[Result "0-1"]
[Round "01"]
[TimeControl "180+2"]
[Date "2023.01.03"]
[WhiteClock "0:00:11"]
[BlackClock "0:01:58"]

1. d4 d5 2. c4 Nc6 3. Nc3 Nf6 4. cxd5 Nxd5 5. e4 Nxc3 6. bxc3 e5 7. d5 Na5 8. Nf3 Bd6 9. Qa4+ c6 10. dxc6 Nxc6 11. Ba3 Bxa3 12. Qxa3 Qe7 13. Qxe7+ Kxe7 14. Bb5 f6 15. Ke2 Bd7 16. Rhd1 Rhc8 17. Ke3 a6 18. Ba4 b5 19. Bb3 Na5 20. Rd3 Rc7 21. Rc1 Rac8 22. Nd2 b4 23. cxb4 Rxc1 24. bxa5 R1c5 25. Rd5 Be6 26. Rd3 Rxa5 27. f3 Rac5 28. Bxe6 Kxe6 29. Ke2 Rc3 30. Rd5 Ra3 31. g3 Rc2 32. f4 Raxa2 33. Ke3 exf4+ 34. gxf4 Rxd2 35. Rxd2 Rxd2 36. Kxd2 g5 37. fxg5 fxg5 38. Ke3 Ke5 39. Kf3 a5 40. Kg4 a4 41. Kxg5 a3 42. Kh6 a2 43. Kxh7 a1=Q 44. h3 Kf6 45. Kh6 Kf7 46. Kg5 Qf6+ 47. Kg4 Kg6 48. h4 Qe5 49. Kf3 Kh5 50. Ke3 Kxh4 51. Kf3 Kh3 52. Ke3 Kg3 53. Kd3 Kf3 54. Kc4 Kxe4 55. Kb3 Kd4 56. Kc2 Kc4 57. Kd2 Qe4 58. Kd1 Qg2 59. Ke1 Kc3 60. Kd1 Qd2# 0-1


[Site "https://www.chess.com"]

[Event "Titled Tuesday Blitz January 03 Late 2023"]
[White "Riehle, Marco"]
[Black "Della Corte, Alessandro"]
[WhiteFideId "12904392"]
[BlackFideId "813540"]
[WhiteElo "2368"]
[BlackElo "2160"]
[Result "1-0"]
[Round "01"]
[TimeControl "180+2"]
[Date "2023.01.03"]
[WhiteClock "0:00:58"]
[BlackClock "0:01:33"]

1. e4 c5 2. a3 g6 3. h4 h5 4. Nc3 Bg7 5. Bc4 e6 6. d3 Ne7 7. Bg5 Nbc6 8. Nge2 f6 9. Bf4 d5 10. Ba2 e5 11. Bd2 d4 12. Nd5 Nxd5 13. Bxd5 Qe7 14. c3 Be6 15. Qb3 Bxd5 16. exd5 Nd8 17. O-O Nf7 18. f4 Nd6 19. fxe5 fxe5 20. Bg5 Qd7 21. Ng3 Bh6 22. Bf6 Be3+ 23. Kh1 O-O 24. Qd1 Rae8 25. Ne4 Nxe4 26. dxe4 Qg4 27. Qxg4 hxg4 28. c4 g3 29. Rf3 Bf2 30. Bg5 Rxf3 31. gxf3 a6 32. d6 1-0


[Site "https://www.chess.com"]

[Event "Titled Tuesday Blitz January 03 Late 2023"]
[White "Remolar Gallen, Jose"]
[Black "Stearman, Josiah"]
[WhiteFideId "2215187"]
[BlackFideId "2062496"]
[WhiteElo "2285"]
[BlackElo "2385"]
[Result "0-1"]
[Round "01"]
[TimeControl "180+2"]
[Date "2023.01.03"]
[WhiteClock "0:00:03"]
[BlackClock "0:00:05"]

1. d4 d5 2. c4 c6 3. Nc3 Nf6 4. Bg5 dxc4 5. a4 Bf5 6. f3 h6 7. Bh4 Nd5 8. e4 Ne3 9. Qe2 Nxf1 10. exf5 Qxd4 11. Bf2 Qf4 12. Kxf1 Qxf5 13. Qxc4 Nd7 14. Re1 e6 15. Nge2 Be7 16. Nd4 Qg6 17. h4 h5 18. a5 Rd8 19. Rh3 Nc5 20. Ne4 Nxe4 21. Rxe4 O-O 22. Rg3 Qf6 23. Rg5 c5 24. Ne2 Qxb2 25. Rxh5 b5 26. Qc3 Rd1+ 27. Be1 Qb1 28. Rg4 f6 29. Kf2 b4 30. Qe3 Rxe1 31. Qxe6+ Rf7 32. Rh8+ Kxh8 33. Qxf7 Rf1+ 34. Kg3 Bd6+ 35. Nf4 Bxf4+ 36. Rxf4 Qe1+ 37. Kg4 Qe5 38. Qh5+ Qxh5+ 39. Kxh5 b3 40. Re4 Kh7 41. Re8 b2 42. Rb8 b1=Q 43. Rxb1 Rxb1 0-1


[Site "https://www.chess.com"]

[Event "Titled Tuesday Blitz January 03 Late 2023"]
[White "Kosteniuk, Alexandra"]
[Black "Moreno Perez, Tobias Sebastian"]
[WhiteFideId "4128125"]
[BlackFideId "186716"]
[WhiteElo "2535"]
[BlackElo "2256"]
[Result "1/2-1/2"]
[Round "01"]
[TimeControl "180+2"]
[Date "2023.01.03"]
[WhiteClock "0:00:33"]
[BlackClock "0:00:17"]

1. d4 d5 2. Nf3 Nf6 3. c4 c6 4. cxd5 cxd5 5. Nc3 Nc6 6. Bf4 a6 7. Rc1 Bf5 8. e3 Rc8 9. Ne5 Ne4 10. Qb3 Nxc3 11. Rxc3 Nxe5 12. Bxe5 Rxc3 13. bxc3 Qd7 14. a4 e6 15. Be2 Be7 16. Bxg7 Rg8 17. Be5 Rxg2 18. Bg3 Be4 19. Rf1 h5 20. Bxh5 Bd6 21. Be2 Bxg3 22. hxg3 Qc7 23. Rh1 Kd7 24. Rh4 Rg1+ 25. Kd2 Rb1 26. Qa3 Qb6 27. Rf4 Qb2+ 28. Qxb2 Rxb2+ 29. Ke1 Rb1+ 30. Kd2 Rb2+ 31. Ke1 Rb1+ 32. Kd2 Rb2+ 1/2-1/2


[Site "https://www.chess.com"]

[Event "Titled Tuesday Blitz January 03 Late 2023"]
[White "Vega Gutierrez, Sabrina"]
[Black "Erdogdu, Mert"]
[WhiteFideId "2219026"]
[BlackFideId "6301495"]
[WhiteElo "2377"]
[BlackElo "2413"]
[Result "1/2-1/2"]
[Round "01"]
[TimeControl "180+2"]
[Date "2023.01.03"]
[WhiteClock "0:00:09"]
[BlackClock "0:00:12"]

1. e4 c5 2. Nf3 d6 3. d4 cxd4 4. Qxd4 Nc6 5. Bb5 Bd7 6. Bxc6 Bxc6 7. Nc3 Nf6 8. Bg5 e6 9. O-O-O Be7 10. Qd3 Qa5 11. h4 h6 12. Bd2 Qa6 13. Qxa6 bxa6 14. Rhe1 O-O 15. Nd4 Bb7 16. f3 d5 17. g4 dxe4 18. g5 hxg5 19. hxg5 Nh7 20. g6 Nf6 21. gxf7+ Rxf7 22. fxe4 e5 23. Nf5 Bb4 24. Rg1 Rd7 25. Bh6 Rxd1+ 26. Kxd1 Rd8+ 27. Ke2 Rd7 28. Bxg7 Nxe4 29. Bxe5+ Kf7 30. Rg7+ Ke6 31. Rxd7 Kxd7 32. Nxe4 Bxe4 33. Ne3 Bc5 34. c3 Kc6 35. Bd4 Bb6 36. Nc4 Bd5 37. Ne5+ Kb7 38. b3 Be6 39. Ke3 a5 40. Ke4 Bg8 41. c4 Bh7+ 42. Ke3 Bb1 43. a3 Ba2 44. b4 axb4 45. axb4 Bc7 46. c5 Bd5 47. Nd3 a6 48. Be5 Bd8 49. Kd4 Bg2 50. Nf4 Bf1 51. Ne6 Bh4 52. Kd5 Bg2+ 53. Kd6 Bf3 54. Nd4 Bg2 55. c6+ Kc8 56. Nf5 Bd8 57. Ne3 Bc7+ 58. Ke6 Bh3+ 59. Kd5 Bb6 60. Bd4 Bd8 61. Nc4 Bg5 62. Be5 Bd8 63. Nd6+ Kc7 64. Nf7+ Kc8 65. Nd6+ Kc7 66. Ne8+ Kc8 67. Kc5 Be7+ 68. Nd6+ Kc7 69. b5 Bg2 70. b6+ Kd8 71. b7 Kc7 72. b8=Q+ Kxb8 73. Kb6 Bxd6 74. Bxd6+ Kc8 75. c7 Bb7 76. Ba3 Bd5 77. Bb4 Bc4 78. Ba3 Bb5 79. Bb4 Bf1 80. Ba5 Bb5 81. Kc5 Bf1 82. Kd6 Bb5 83. Kc5 Bf1 84. Kb6 Bb5 85. Kc5 1/2-1/2


[Site "https://www.chess.com"]

[Event "Titled Tuesday Blitz January 03 Late 2023"]
[White "Timmermans, Mark"]
[Black "Suvorov, Luca"]
[WhiteFideId "1026399"]
[BlackFideId "12977071"]
[WhiteElo "2392"]
[BlackElo "2310"]
[Result "1-0"]
[Round "01"]
[TimeControl "180+2"]
[Date "2023.01.03"]
[WhiteClock "0:01:01"]
[BlackClock "0:00:21"]

1. e4 c6 2. Nf3 d5 3. exd5 cxd5 4. Ne5 Nf6 5. Bb5+ Nbd7 6. O-O a6 7. Nxd7 Bxd7 8. Bxd7+ Qxd7 9. d4 e6 10. Bf4 Bd6 11. Bxd6 Qxd6 12. Nd2 O-O 13. a4 Rac8 14. c3 b5 15. axb5 axb5 16. Nb3 b4 17. Nc5 bxc3 18. bxc3 Ne4 19. Nxe4 dxe4 20. Rc1 Qd5 21. f3 Rc4 22. Qe2 exf3 23. Rxf3 Rfc8 24. Rcf1 f6 25. Qe1 Qc6 26. Re3 Rxc3 27. Rxe6 Qd7 28. Qe4 R3c7 29. h3 Rd8 30. Rf4 Qf7 31. d5 Rcd7 32. Rf5 g6 33. Rfxf6 Qg7 34. Re8+ 1-0


[Site "https://www.chess.com"]

[Event "Titled Tuesday Blitz January 03 Late 2023"]
[White "Zeman, Matyas"]
[Black "Cristobal, Manuel"]
[WhiteFideId "364398"]
[BlackFideId "112879"]
[WhiteElo "2296"]
[BlackElo "2257"]
[Result "0-1"]
[Round "01"]
[TimeControl "180+2"]
[Date "2023.01.03"]
[WhiteClock "0:00:03"]
[BlackClock "0:01:31"]

1. d4 Nf6 2. Nf3 e6 3. Bf4 c5 4. e3 b6 5. Nbd2 Bb7 6. Bd3 d6 7. O-O Nbd7 8. a4 Be7 9. a5 O-O 10. a6 Bc6 11. c3 Nd5 12. Bg3 f5 13. e4 fxe4 14. Nxe4 Nf4 15. Bc2 Bd5 16. Re1 Rc8 17. Qd2 g5 18. dxc5 Nxc5 19. Nd4 e5 20. Nb5 Bxe4 21. Bxe4 Qd7 22. Bd5+ Kh8 23. c4 Nb3 24. Qd1 Nxa1 25. Bxf4 Rxf4 26. Qxa1 Rcf8 27. Re2 Bf6 28. Qb1 Bg7 29. b3 Qg4 30. Qd3 R4f6 31. Nxa7 e4 32. Bxe4 Qf4 33. Qd1 d5 34. cxd5 Ra8 35. d6 Rxd6 36. Qc2 Rxa7 37. Qc8+ Qf8 38. Qc2 Rxa6 39. g3 Ra7 40. Bxh7 Re7 41. Be4 Rde6 42. Qc4 Qe8 43. f3 g4 44. Qd5 gxf3 45. Qf5 Rxe4 0-1


[Site "https://www.chess.com"]

[Event "Titled Tuesday Blitz January 03 Late 2023"]
[White "Fernandez Guillen, Ernesto J."]
[Black "Lorenzo De La Riva, Lazaro"]
[WhiteFideId "3512428"]
[BlackFideId "2268809"]
[WhiteElo "2477"]
[BlackElo "2404"]
[Result "1-0"]
[Round "01"]
[TimeControl "180+2"]
[Date "2023.01.03"]
[WhiteClock "0:00:07"]
[BlackClock "0:00:10"]

1. e4 c5 2. Nf3 e6 3. d4 cxd4 4. Nxd4 Nf6 5. Nc3 Nc6 6. Nxc6 bxc6 7. Bd3 e5 8. O-O Bc5 9. Kh1 h5 10. Bg5 a5 11. f4 Qc7 12. Bxf6 gxf6 13. fxe5 Qxe5 14. Rf5 Qe7 15. e5 fxe5 16. Ne4 d5 17. Nf6+ Kd8 18. Rf1 Kc7 19. a3 e4 20. Be2 Bd6 21. Nxh5 Be6 22. g3 Rag8 23. Qd2 Bxg3 24. Qxa5+ Kb8 25. Qb6+ Qb7 26. Qxb7+ Kxb7 27. hxg3 Rxg3 28. Rf2 Re3 29. Re1 Rxh5+ 30. Bxh5 Rxe1+ 31. Kg2 f5 32. Kg3 Kc7 33. Kf4 Kd6 34. Bg6 Rb1 35. c3 Rd1 36. Bxf5 Bxf5 37. Kxf5 c5 38. Kf4 Re1 39. Rh2 d4 40. cxd4 cxd4 41. Rh6+ Kd5 42. Rh8 Kc4 43. Rc8+ Kd3 44. a4 Rf1+ 45. Kg3 e3 46. Kg2 Rf5 47. Re8 e2 48. b4 Kd2 49. b5 d3 50. b6 Ra5 51. b7 Rg5+ 52. Kf3 Rg8 53. Rxg8 e1=Q 54. Rg2+ Kc3 55. b8=Q Qf1+ 56. Kg3 Qe1+ 57. Kf3 Qf1+ 58. Rf2 Qh1+ 59. Kg3 Qg1+ 60. Rg2 Qe3+ 61. Kh4 Qh6+ 62. Kg4 Qg6+ 63. Kh3 Qh5+ 64. Kg3 Qg5+ 65. Kf3 Qh5+ 66. Rg4 Qh3+ 67. Rg3 Qh1+ 68. Kg4 Qe4+ 69. Qf4 Qg6+ 70. Kf3 Qc6+ 71. Kf2 Kc2 72. Qf5 Qc5+ 73. Qxc5+ 1-0


[Site "https://www.chess.com"]

[Event "Titled Tuesday Blitz January 03 Late 2023"]
[White "Zakarian, David"]
[Black "Goryachkina, Aleksandra"]
[WhiteFideId "13301276"]
[BlackFideId "4147103"]
[WhiteElo "2306"]
[BlackElo "2571"]
[Result "1/2-1/2"]
[Round "01"]
[TimeControl "180+2"]
[Date "2023.01.03"]
[WhiteClock "0:00:18"]
[BlackClock "0:00:08"]

1. d4 Nf6 2. c4 e6 3. Nf3 d5 4. Nc3 c6 5. Bg5 Nbd7 6. e3 Qa5 7. Qc2 Ne4 8. cxd5 Nxg5 9. Nxg5 Nf6 10. Bd3 h6 11. Nf3 exd5 12. O-O Bd6 13. a3 Qc7 14. Rac1 Qe7 15. h3 O-O 16. Bf5 Re8 17. b4 Ne4 18. Bxc8 Raxc8 19. Nd2 f5 20. Rce1 Qh4 21. Nf3 Qf6 22. Qb3 Kh8 23. a4 g5 24. Nxe4 fxe4 25. Nh2 Bb8 26. Ng4 Qg7 27. f4 exf3 28. Rxf3 Rf8 29. Ref1 h5 30. Ne5 Rxf3 31. Nxf3 g4 32. Ne5 Bxe5 33. dxe5 Qxe5 34. Qd3 Re8 35. Qg6 gxh3 36. Qh6+ Kg8 37. Qg6+ Kh8 38. Qh6+ Kg8 39. Qg6+ Kh8 1/2-1/2


[Site "https://www.chess.com"]

[Event "Titled Tuesday Blitz January 03 Late 2023"]
[White "Dimitrov, Atanas"]
[Black "Huber, Benedikt"]
[WhiteFideId "2901315"]
[BlackFideId "12923583"]
[WhiteElo "2269"]
[BlackElo "2272"]
[Result "1-0"]
[Round "01"]
[TimeControl "180+2"]
[Date "2023.01.03"]
[WhiteClock "0:00:29"]
[BlackClock "0:00:20"]

1. Nf3 f5 2. c4 Nf6 3. Nc3 d6 4. d4 e6 5. g3 Be7 6. Bg2 O-O 7. O-O Ne4 8. Qc2 Nxc3 9. Qxc3 Bf6 10. Re1 Nc6 11. e4 e5 12. d5 Ne7 13. Ng5 h6 14. Ne6 Bxe6 15. dxe6 fxe4 16. Bxe4 Qc8 17. Be3 c6 18. Rad1 Qxe6 19. Qb3 Rfd8 20. Qxb7 d5 21. cxd5 cxd5 22. Bg2 Rdb8 23. Bxd5 Nxd5 24. Qxd5 Qxd5 25. Rxd5 Rxb2 26. a4 Ra2 27. Ra5 e4 28. Rd1 Rf8 29. Rxa7 Bg5 30. Rdd7 Bf6 31. a5 Rc8 32. a6 Rc6 33. Ra8+ Kh7 34. a7 Rca6 35. Rf8 Bg5 36. Bd4 Bf6 37. Rxf6 Rxa7 38. Rxa7 Rxa7 39. Rxh6+ Kxh6 40. Bxa7 Kh5 41. Kg2 Kg4 42. h3+ Kf5 43. Be3 Ke5 44. g4 g6 45. Kg3 Ke6 46. Kh4 Ke5 47. Kg5 Ke6 48. Kxg6 Ke5 49. h4 Ke6 50. h5 1-0


[Site "https://www.chess.com"]

[Event "Titled Tuesday Blitz January 03 Late 2023"]
[White "marik_spb"]
[Black "Antonica, Dragos-Andrei"]
[BlackFideId "1246372"]
[WhiteElo "2401"]
[BlackElo "2373"]
[Result "0-1"]
[Round "01"]
[TimeControl "180+2"]
[Date "2023.01.03"]
[WhiteClock "0:00:07"]
[BlackClock "0:00:19"]

1. e4 e6 2. d4 d5 3. e5 c5 4. c3 Nc6 5. Nf3 Qb6 6. a3 Nh6 7. b4 cxd4 8. cxd4 Nf5 9. Be3 Nxe3 10. fxe3 Bd7 11. Bd3 a5 12. b5 Na7 13. a4 Bb4+ 14. Nbd2 f5 15. exf6 gxf6 16. O-O Ke7 17. Nb3 Nc8 18. e4 dxe4 19. Bxe4 Nd6 20. Bd3 Rag8 21. Kh1 Rg7 22. d5 e5 23. Qe2 Nf7 24. Nbd4 Bd6 25. Bf5 Rhg8 26. g3 Nh6 27. Bxd7 Kxd7 28. Ne6 Rg4 29. Nh4 e4 30. Rxf6 Rxh4 31. gxh4 Ng4 32. Rf7+ Kc8 33. Rc1+ Kb8 34. Rcf1 e3 35. h3 Ne5 36. Rg7 Rxg7 37. Nxg7 Qd4 38. Qg2 Qd3 39. Ne6 e2 40. Re1 Nf3 41. Qxe2 Nxe1 42. Qxd3 Nxd3 43. Ng5 h5 44. Ne6 Nb2 45. Ng7 Nxa4 46. Nxh5 Nc3 47. Nf6 a4 48. Nd7+ Kc7 49. Nf6 a3 50. h5 a2 51. h6 a1=Q+ 52. Kg2 Qb2+ 53. Kf3 Qe2# 0-1


[Site "https://www.chess.com"]

[Event "Titled Tuesday Blitz January 03 Late 2023"]
[White "Aradhya, Garg"]
[Black "Rengifo Blancas, Renzo Jhonathan"]
[WhiteFideId "25006746"]
[BlackFideId "3807185"]
[WhiteElo "2284"]
[BlackElo "2131"]
[Result "1-0"]
[Round "01"]
[TimeControl "180+2"]
[Date "2023.01.03"]
[WhiteClock "0:00:33"]
[BlackClock "0:00:14"]

1. d4 d5 2. c4 c6 3. Nf3 Nf6 4. e3 Bg4 5. Nc3 g6 6. cxd5 cxd5 7. Qb3 Qb6 8. Nxd5 Nxd5 9. Qxd5 Nc6 10. Bb5 e6 11. Bxc6+ bxc6 12. Qb3 Bb4+ 13. Bd2 Bxf3 14. Qxb4 Bxg2 15. Rg1 Be4 16. Rg3 Rb8 17. Qd6 Qxb2 18. Rc1 Rd8 19. Qe5 O-O 20. Qxe4 c5 21. Rxc5 Qxa2 22. h4 Rd5 23. Rxd5 exd5 24. Qd3 Rb8 25. h5 a5 26. hxg6 hxg6 27. Rxg6+ fxg6 28. Qxg6+ Kh8 29. Qh5+ Kg8 30. Qg4+ Kh7 31. Qh3+ Kg6 32. Qg3+ Kf5 33. Qf4+ Ke6 34. Qe5+ Kf7 35. Qxb8 a4 36. Qc7+ Ke6 37. Qc6+ Kf7 38. Qc1 Qb3 39. Qc7+ Ke6 40. Qc6+ Kf7 41. Bc1 Qb4+ 42. Kf1 Qb3 43. Kg2 Kg7 44. Qe6 a3 45. Qe7+ Kg6 46. Bxa3 Qc2 47. Bd6 Kh5 48. Bf4 Qg6+ 49. Qg5+ Qxg5+ 50. Bxg5 Kg4 51. Bf4 Kf5 52. Kf3 Ke6 53. Kg4 Kf7 54. Kf5 Kg8 55. Ke5 Kh7 56. Kxd5 Kg6 57. Ke6 Kh5 58. d5 Kg4 59. d6 1-0


[Site "https://www.chess.com"]

[Event "Titled Tuesday Blitz January 03 Late 2023"]
[White "Stachanczyk, Jacek"]
[Black "Nasuta, Grzegorz"]
[WhiteFideId "1116657"]
[BlackFideId "1141686"]
[WhiteElo "2147"]
[BlackElo "2552"]
[Result "1-0"]
[Round "01"]
[TimeControl "180+2"]
[Date "2023.01.03"]
[WhiteClock "0:01:05"]
[BlackClock "0:00:27"]

1. e4 c5 2. Nf3 e6 3. d4 cxd4 4. Nxd4 a6 5. Nc3 b5 6. Bd3 Bb7 7. a3 d6 8. O-O Nd7 9. Qe2 Ngf6 10. Kh1 Be7 11. Bd2 O-O 12. f4 Qc7 13. Rae1 g6 14. Nf3 Nc5 15. f5 Nfd7 16. fxe6 fxe6 17. Bh6 Rf7 18. Ng5 Rxf1+ 19. Rxf1 Ne5 20. Qf2 Bxg5 21. Qf8+ 1-0


[Site "https://www.chess.com"]

[Event "Titled Tuesday Blitz January 03 Late 2023"]
[White "Rozman, Levy"]
[Black "Vovk, Orest"]
[WhiteFideId "2039877"]
[BlackFideId "14113490"]
[WhiteElo "2322"]
[BlackElo "2315"]
[Result "1-0"]
[Round "01"]
[TimeControl "180+2"]
[Date "2023.01.03"]
[WhiteClock "0:00:18"]
[BlackClock "0:00:01"]

1. d4 e5 2. dxe5 Nc6 3. Nf3 Qe7 4. Nc3 Nxe5 5. Nxe5 Qxe5 6. f4 Qa5 7. e4 Nf6 8. Bd3 Bc5 9. Bd2 Qb6 10. Na4 Bf2+ 11. Ke2 Qc6 12. Kxf2 Qxa4 13. Re1 d6 14. Bc3 Ng4+ 15. Kg1 O-O 16. h3 Nh6 17. Re3 f6 18. Rg3 Qe8 19. Qf3 Bd7 20. Re1 Bb5 21. Qf1 Bxd3 22. Qxd3 Qc6 23. Rge3 Rae8 24. b3 Re7 25. e5 fxe5 26. fxe5 dxe5 27. Bxe5 Nf5 28. Rf3 Qg6 29. g4 Nd6 30. Qd5+ Rff7 31. Ref1 Qe6 32. Rxf7 1-0


[Site "https://www.chess.com"]

[Event "Titled Tuesday Blitz January 03 Late 2023"]
[White "Sreyas Payyappat"]
[Black "Chen, Justin"]
[WhiteFideId "46674969"]
[BlackFideId "2098199"]
[WhiteElo "2076"]
[BlackElo "2333"]
[Result "1/2-1/2"]
[Round "01"]
[TimeControl "180+2"]
[Date "2023.01.03"]
[WhiteClock "0:00:38"]
[BlackClock "0:00:03"]

1. e4 g6 2. d4 Bg7 3. Nc3 c6 4. Nf3 d5 5. e5 Bg4 6. Be2 e6 7. O-O Ne7 8. Bg5 Nd7 9. Qd2 h6 10. Be3 Nf5 11. Bf4 a6 12. h3 Bxf3 13. Bxf3 c5 14. dxc5 Nxe5 15. Bxe5 Bxe5 16. Rfe1 Bxc3 17. Qxc3 O-O 18. g4 Nh4 19. Bh1 Rc8 20. Qe3 g5 21. f4 Ng6 22. fxg5 hxg5 23. c3 Qc7 24. b4 Qf4 25. Bg2 Kg7 26. Qd4+ Kg8 27. Re2 Qg3 28. Re3 Qc7 29. Rf1 Rcd8 30. Qf6 Qe7 31. Qf2 Kg7 32. Re2 Nf4 33. Qd4+ Qf6 34. Re5 Kg6 35. h4 Ne2+ 36. Rxe2 Qxd4+ 37. cxd4 gxh4 38. Re5 Rh8 39. Bh3 Rdg8 40. g5 Rf8 41. Rf6+ Kg7 42. Re3 Rh5 43. Re5 Rxg5+ 44. Rxg5+ Kxf6 45. Rg4 Rh8 46. Kf2 Ke7 47. Kf3 b6 48. Kf4 bxc5 49. bxc5 Rb8 50. Rg2 Rb4 51. Rd2 Ra4 52. Kg5 Ra3 53. Kxh4 f6 54. Bg2 Ra4 55. Kg3 Kd7 56. Kf2 Kc6 57. Ke3 Ra3+ 58. Ke2 Ra4 59. Bf1 e5 60. dxe5 fxe5 61. Bg2 e4 62. Rc2 Ra3 63. Bh1 Rh3 64. Bg2 Rg3 65. Kf2 Ra3 66. Bf1 Ra5 67. Ke3 Ra3+ 68. Kd4 Ra4+ 69. Ke5 e3 70. Be2 Re4+ 71. Kf5 Re7 72. Kf4 d4 73. Bf3+ Kc7 74. Be4 d3 75. Bxd3 Kc6 76. Bxa6 e2 77. Bxe2 Rf7+ 78. Ke3 Re7+ 79. Kf2 Rf7+ 80. Bf3+ Kc7 81. c6 Rf6 82. Rb2 Rf4 83. Rb7+ Kc8 84. Rh7 Rc4 85. Ke3 Rc3+ 86. Ke2 Rc4 87. a4 Rxa4 88. c7 Rc4 89. Kd3 Rxc7 90. Rh8+ Kd7 91. Kd4 Rc2 92. Bd5 Rd2+ 93. Ke5 Re2+ 94. Be4 Kc7 95. Rh7+ Kb6 96. Rb7+ Kc5 97. Rc7+ Kb4 98. Kd4 Kb5 99. Bd3+ Kb6 100. Rc8 Rh2 101. Be4 Rd2+ 102. Ke3 Rd1 103. Rb8+ Kc7 104. Rb3 Rd6 105. Kf4 Kd7 106. Ke5 Re6+ 107. Kd4 Rd6+ 108. Bd5 Kd8 109. Rb7 Rd7 110. Rb8+ Kc7 111. Rh8 Kd6 112. Rh6+ Kc7 113. Kc5 Kd8 114. Rh8+ Kc7 115. Ra8 Re7 116. Ra4 Rd7 117. Rb4 Kd8 118. Re4 Kc7 119. Re8 Rd6 120. Be6 Rc6+ 121. Kd5 Rd6+ 122. Ke5 Rd2 123. Rc8+ Kb7 124. Rc3 Rb2 125. Bd5+ Kb6 126. Kd6 Rb4 127. Rc8 Kb5 128. Rb8+ Ka5 129. Ra8+ Kb6 130. Rb8+ Ka5 131. Rg8 Kb6 132. Rg7 Ka5 133. Kc5 Rb5+ 134. Kd4 Kb4 135. Rg1 Rb6 136. Rb1+ Ka5 137. Bb3 Rb4+ 138. Kc3 Rb5 139. Rg1 Kb6 1/2-1/2


[Site "https://www.chess.com"]

[Event "Titled Tuesday Blitz January 03 Late 2023"]
[White "Maksimovic, Bojan"]
[Black "Donskov, Anatoly"]
[WhiteFideId "14408120"]
[BlackFideId "24143413"]
[WhiteElo "2486"]
[BlackElo "2279"]
[Result "1-0"]
[Round "01"]
[TimeControl "180+2"]
[Date "2023.01.03"]
[WhiteClock "0:02:01"]
[BlackClock "0:00:41"]

1. g3 d5 2. Bg2 c5 3. Nf3 Nf6 4. O-O Nc6 5. c4 d4 6. e3 e6 7. exd4 cxd4 8. d3 a5 9. Re1 Be7 10. Na3 O-O 11. Nb5 h6 12. Bf4 Bc5 13. Ne5 Nxe5 14. Bxe5 Ra6 15. a3 a4 16. b4 axb3 17. Qxb3 Nd7 18. Bc7 Qe7 19. Qb2 e5 20. Nxd4 Nf6 21. Bxe5 Qd8 22. Nb3 Ba7 23. d4 Ng4 24. Bf4 Rf6 25. h3 Nxf2 26. Qxf2 g5 27. Re4 gxf4 28. Rxf4 Rg6 29. Rf1 Be6 30. Nd2 Qe7 31. Kh2 Qxa3 32. c5 Bb8 33. Rf3 Qb2 34. Ne4 Qxf2 35. R1xf2 Bd5 36. Nf6+ Rxf6 37. Rxf6 Bxg2 38. Kxg2 Kg7 39. Rb6 Bc7 40. Rxb7 Bd8 41. c6 Bf6 42. d5 Be5 43. Rd7 Kg6 44. c7 Rc8 45. d6 f5 46. Rd8 Rxc7 47. dxc7 Bxc7 48. Rd7 Be5 49. Re7 Bf6 50. Re6 Kg5 51. Rxf6 Kxf6 52. Rf4 Kg5 53. h4+ Kh5 54. Kf3 Kg6 55. Ke3 Kh5 56. Kd4 Kg6 57. Ke5 Kh5 58. Rxf5+ Kg4 59. Rf6 h5 60. Rg6+ Kh3 61. Rg5 Kg2 62. Kf6 Kh3 63. Kg6 Kg2 64. Kxh5 1-0


[Site "https://www.chess.com"]

[Event "Titled Tuesday Blitz January 03 Late 2023"]
[White "Ferreira, Vitor Hugo Vieira"]
[Black "Sai Krishna G V"]
[WhiteFideId "2119765"]
[BlackFideId "5028280"]
[WhiteElo "2128"]
[BlackElo "2384"]
[Result "0-1"]
[Round "01"]
[TimeControl "180+2"]
[Date "2023.01.03"]
[WhiteClock "0:00:51"]
[BlackClock "0:01:16"]

1. Nf3 Nf6 2. g3 g6 3. Bg2 Bg7 4. O-O O-O 5. d4 d6 6. c4 Nc6 7. h3 a6 8. Nc3 Rb8 9. e4 b5 10. cxb5 axb5 11. e5 Nd7 12. Ng5 Nxd4 13. Qxd4 Nxe5 14. Qd1 b4 15. Nce4 h6 16. Nf3 Nxf3+ 17. Qxf3 d5 18. Nc5 c6 19. a3 e5 20. axb4 Rxb4 21. Qa3 Rb5 22. Nd3 e4 23. Nf4 Qb6 24. Ra2 f5 25. Nxg6 Rd8 26. Qa7 Be6 27. Qxb6 Rxb6 28. Be3 d4 29. Bf4 Bxa2 30. Bc7 Rdb8 31. Bxb8 Rxb8 32. Ne7+ Kf7 33. Nxc6 Rxb2 34. Rd1 d3 35. g4 Bb3 36. Ra1 d2 37. Ra7+ Kf6 38. gxf5 d1=Q+ 0-1


[Site "https://www.chess.com"]

[Event "Titled Tuesday Blitz January 03 Late 2023"]
[White "Salimova, Nurgyul"]
[Black "Dinu, Dumitru-Daniel"]
[WhiteFideId "2915138"]
[BlackFideId "1208403"]
[WhiteElo "2391"]
[BlackElo "2203"]
[Result "1-0"]
[Round "01"]
[TimeControl "180+2"]
[Date "2023.01.03"]
[WhiteClock "0:00:17"]
[BlackClock "0:00:05"]

1. d4 Nf6 2. Nf3 e6 3. Bg5 d5 4. e3 h6 5. Bh4 Be7 6. Nbd2 O-O 7. Bd3 c5 8. c3 Nc6 9. Qe2 cxd4 10. exd4 Nd7 11. Bxe7 Qxe7 12. O-O Nf6 13. Rfe1 Qd6 14. Ne5 Bd7 15. f4 Rae8 16. Rf1 Qc7 17. Rae1 Ne7 18. g4 g6 19. g5 hxg5 20. fxg5 Nh5 21. Ng4 Nf5 22. Nf3 f6 23. gxf6 Nxf6 24. Nxf6+ Rxf6 25. Ne5 Ref8 26. Qg4 Kg7 27. Rf4 Nh6 28. Qg5 Nf5 29. Re2 Be8 30. Ng4 R6f7 31. Rxe6 Re7 32. Bxf5 Rxf5 33. Rxe7+ Qxe7 34. Qxe7+ Bf7 35. Rxf5 gxf5 36. Ne5 Kh6 37. Qxf7 1-0


[Site "https://www.chess.com"]

[Event "Titled Tuesday Blitz January 03 Late 2023"]
[White "Urbina Perez, Juan Antonio"]
[Black "Domingo Nunez, Ruben"]
[WhiteFideId "2217368"]
[BlackFideId "22245570"]
[WhiteElo "2266"]
[BlackElo "2416"]
[Result "0-1"]
[Round "01"]
[TimeControl "180+2"]
[Date "2023.01.03"]
[WhiteClock "0:00:02"]
[BlackClock "0:00:19"]

1. d4 g6 2. e4 Bg7 3. Nf3 c6 4. Bd3 d5 5. e5 f6 6. Bf4 Bg4 7. Nbd2 fxe5 8. Bxe5 Bxe5 9. dxe5 Nd7 10. h3 Bxf3 11. Nxf3 Qc7 12. Qe2 e6 13. O-O Nh6 14. c4 O-O 15. cxd5 cxd5 16. Rac1 Qb6 17. Rc2 Rac8 18. Rfc1 Rc6 19. Bb5 Rxc2 20. Rxc2 Nc5 21. b4 Ne4 22. a3 Nf5 23. Bd3 Nfg3 24. Qe1 Rf4 25. Kh2 Nf5 26. Qe2 Nd4 27. Nxd4 Qxd4 28. Bxe4 Qxe5 29. Qb5 Rf7+ 30. g3 Qxe4 31. Qc5 b6 32. Qc8+ Kg7 33. Kg1 Qf5 34. h4 Qe4 35. Rc7 Qe1+ 36. Kh2 Qxf2+ 37. Kh3 Kh6 38. Rxf7 Qxf7 39. Qc1+ Kg7 40. Qc3+ Kf8 41. Qc8+ Qe8 42. Qb7 Qe7 43. Qc8+ Kg7 44. Qc3+ e5 45. Qc6 d4 46. Qe4 Qe6+ 47. Kh2 Qd6 48. Qb7+ Kh6 49. Qe4 d3 50. Qe3+ Kg7 51. Qd2 Qd4 52. h5 e4 53. h6+ Kf6 54. Qf4+ Ke6 55. Qf8 d2 56. Qg8+ Ke5 57. Qg7+ Kd5 0-1


[Site "https://www.chess.com"]